 Dungeon Crawl Stone Soup version 0.30-a0-1043-g60ff8d5f49 (webtiles) character file.

Game seed: 12087836844288148792

71 mandoloar the Insei (level 4, 0/29 HPs)
             Began as an Octopode Transmuter on Apr 11, 2023.
             Slain by an orc
             ... wielding a +0 trident
              (5 damage)
             ... on level 3 of the Dungeon.
             The game lasted 00:05:32 (2454 turns).

mandoloar the Insei (Octopode Transmuter)           Turns: 2454, Time: 00:05:33

Health: 0/29       AC:  1    Str:  9    XL:     4   Next: 24%
Magic:  6/7        EV: 13    Int: 17    God:
Gold:   82         SH:  0    Dex: 12    Spells: 0/7 levels left

rFire   . . .      SeeInvis .      - Unarmed
rCold   . . .      Faith    .    (no shield)
rNeg    + . .      Spirit   .    (helmet currently unavailable)
rPois   .          Reflect  .    (no amulet)
rElec   .          Rampage  .    e - ring of positive energy
rCorr   .                        (no ring)
Will    .....                    (no ring)
Stlth   ++                       (no ring)
HPRegen 0.24/turn                (no ring)
MPRegen 0.10/turn                (no ring)
                                 (no ring)
                                 (no ring)

@: appendages
A: tentacle spike 3, almost no armour, amphibious, 8 rings, camouflage 1,
gelatinous body 1, (nimble swimmer 1), tentacles
a: End Transformation


You were on level 3 of the Dungeon.
One of your tentacles had grown a beastly spike.
You visited 1 branch of the dungeon, and saw 3 of its levels.

You collected 82 gold pieces.

Inventory:

Missiles
 c - 4 datura-tipped darts
 d - 28 stones
Jewellery
 e - a ring of positive energy (left tentacle)
Potions
 a - a potion of lignification
 f - 2 potions of heal wounds
 g - a potion of flight {unknown}
 h - a potion of resistance {unknown}
 i - a potion of cancellation {unknown}
 m - a potion of mutation {unknown}
 p - 2 potions of curing {unknown}


   Skills:
 + Level 1.7 Fighting
 + Level 2.5 Dodging
 + Level 3.3 Unarmed Combat
 + Level 2.3 Spellcasting
 + Level 2.5 Transmutations
 + Level 1.3 Ice Magic


You couldn't memorise any spells.
You knew the following spells:

 Your Spells              Type           Power      Damage    Failure   Level
a - Beastly Appendage     Tmut           20%        N/A       7%          1
b - Wereblood             Tmut           10%        N/A       10%         2
c - Ice Form              Ice/Tmut       8%         N/A       63%         4

Your spell library contained the following spells:

 Spells                   Type           Power      Damage    Failure   Level
 Sting                    Tmut/Pois      24%        1d4       11%         1
 Poisonous Vapours        Pois/Air       4%         N/A       28%         2
 Spider Form              Tmut/Pois      6%         N/A       32%         3
 Olgreb's Toxic Radiance  Pois           2%         N/A       88%         4


Dungeon Overview and Level Annotations

Branches:
Dungeon (3/15)

Altars:

Shops:
D:3 *


Innate Abilities, Weirdness & Mutations

One of your tentacles has grown a beastly spike.
You cannot wear most types of armour.
You are amphibious.
You can wear up to eight rings at the same time.
Your skin changes colour to match your surroundings (Stealth+).
Your rubbery body absorbs attacks. (AC +1, EV +1)
((You are camouflaged when in or above water. (Stealth+)))
You have tentacles for arms and can constrict up to eight enemies at once.


Message History

You pierce the ball python.
You kill the ball python!
Your transformation is almost over.
Magic restored.
You now have 82 gold pieces (gained 8).
There is an entrance to Taawauff's Assorted Antiques here.
There is a dry fountain here.
Your tentacle spike disappears.
Found a stone staircase leading down. 3 orcs come into view.
The orc shouts!
What are your orders? t - Shout!
Orders for allies: a - Attack new target. r - Retreat! s - Stop attacking. g - Guard the area. f - Follow me.
Anything else - Cancel.
You shout for attention!
The orc shouts!
You hear a shout!
The orc shouts!
You hear a shout!
The orc throws a boomerang.
The boomerang barely misses you.
An orc priest comes into view. It is wielding a +0 whip.
The orc priest begins to cast a cantrip, but forgets the words!
One of your tentacles grows a vicious spike.
The orc priest begins to cast a cantrip, but forgets the words!
The orc priest mumbles some strange prayers to Beogh against you.
Pain shoots through your body!
You tentacle-slap the orc priest but do no damage.
You grab the orc priest.
You pierce the orc priest.
The orc priest is lightly wounded.
You constrict the orc priest, but do no damage.
The orc priest invokes the aid of Beogh against you.
Beogh smites you!
The orc hits you from afar with a +0 trident!
* * * LOW HITPOINT WARNING * * *
You tentacle-slap the orc priest but do no damage.
The orc priest is lightly wounded.
You constrict the orc priest, but do no damage.
The orc priest miscasts a cantrip.
The orc hits you from afar with a +0 trident.
You die...

#.#.#......#.#
#..........#.#######
###.##..............
# #.....###†.######
#########..#######
## #.
.....8.8.8...... .
>..
####.⌠.⌠........#..#
##8.∩.8######.#..#
#..⌠.⌠...@oo.....#
#.8.8.8####o#.#..##
#......# #........
#......# ##.#.....#
#......###..#.....^
#..........## ....#
######..#### .....
#.## ##.# #..# .#


You could see an orc priest and 2 orcs.

Vanquished Creatures
  An adder (D:3)
  2 worms
  4 ball pythons
  6 bats
  5 endoplasms
  A giant cockroach (D:1)
  11 goblins
  2 hobgoblins (D:2)
  2 jackals (D:2)
  5 quokkas
  A frilled lizard (D:2)
  3 kobolds
  6 rats
49 creatures vanquished.

Notes
Turn   | Place    | Note
-------+----------+-------------------------------------------
     0 | D:1      | mandoloar the Octopode Transmuter began the quest for the
                  | Orb.
     0 | D:1      | Reached XP level 1. HP: 13/13 MP: 3/3
   126 | D:1      | Reached XP level 2. HP: 17/18 MP: 3/5
   129 | D:1      | Learned a level 2 spell: Wereblood
   510 | D:1      | Found a faded altar of an unknown god.
   521 | D:1      | Reached XP level 3. HP: 22/23 MP: 4/6
  1080 | D:2      | Reached skill level 1 in Ice Magic
  1825 | D:2      | Reached XP level 4. HP: 28/28 MP: 7/7
  1830 | D:2      | Learned a level 4 spell: Ice Form
  2411 | D:3      | Found Taawauff's Assorted Antiques.
  2454 | D:3      | Slain by an orc

Illustrated notes

Levels and vault maps discovered:
D:1:      arrival_zaba_pyramid, layout_basic,
          shapermc_ecumenical_altar_starsandcircs
D:2:      layout_basic, minmay_diced_spiral
D:3:      layout_basic, gammafunk_ghost_mausoleum, serial_shops,
          nicolae_shop_temple_entry_statues_fountains, st_stairs_14

Skill      XL: |  1  2  3 |
---------------+----------+-----
Ice Magic      | 1 |  1.3
Fighting       | |  1.7
Dodging        | |  2.5
Unarmed Combat | |  3.3
Spellcasting   | |  2.3
Transmutations | |  2.5

Action                     |  1- 3 |  4- 6 || total
---------------------------+-------+-------++-------
  Melee: Unarmed           |    82 |    13 ||    95
         Kick              |    21 |     6 ||    27
         Tentacles         |    12 |     1 ||    13
         Punch             |     3 |       ||     3
         Constrict         |    22 |     2 ||    24
   Cast: Beastly Appendage |    34 |     5 ||    39
         Wereblood         |     1 |       ||     1
    Use: Scroll            |       |     6 ||     6
   Stab: Sleeping          |     5 |       ||     5
 Armour: Skin              |     9 |       ||     9
  Dodge: Dodged            |    57 |     4 ||    61

Table legend: (Time is in decaauts)
 A = Elapsed time spent in this place.
 B = Non-inter-level travel time spent in this place.
 C = Inter-level travel time spent in this place.
 D = Time resting spent in this place.
 E = Time spent auto-exploring this place.
 F = Levels seen in this place.
 G = Mean time per level.
                   A        B        C        D        E       F      G
               +--------+--------+--------+--------+--------+-----+--------+
         Total |   2451 |   2246 |    205 |    435 |   1426 |   3 |  817.0 |
       Dungeon |   2451 |   2246 |    205 |    435 |   1426 |   3 |  817.0 |
               +--------+--------+--------+--------+--------+-----+--------+

Top non-repeatable levels by time:
     D:2: 1067 daAuts
     D:1: 1065 daAuts
     D:3: 318 daAuts
